 Dungeon Crawl Stone Soup version 0.27.1-33-g824d729ab1 (webtiles) character file.

Game seed: 9341488489474910108

651 zeram the Covert (level 7, -11/45 HPs)
             Began as an Octopode Brigand on Dec 23, 2021.
             Mangled by an ogre (24 damage)
             ... on level 6 of the Dungeon.
             The game lasted 00:05:44 (3948 turns).

zeram the Covert (Octopode Brigand)                 Turns: 3948, Time: 00:05:45

Health: -11/45     AC:  1    Str: 10    XL:     7   Next: 53%
Magic:  7/7        EV: 12    Int: 15    God:
Gold:   150        SH:  0    Dex: 14    Spells: 6/6 levels left

rFire    . . .     SeeInvis .   a - +2 dagger
rCold    . . .     Faith    .   (no shield)
rNeg     . . .     Spirit   .   (helmet restricted)
rPois    .         Reflect  .   (no amulet)
rElec    .         Harm     .   (no ring)
rCorr    .         Rampage  .   (no ring)
Will     .....                  (no ring)
Stlth    +++.......             (no ring)
HPRegen  0.15/turn              (no ring)
MPRegen  0.10/turn              (no ring)
                                (no ring)
                                (no ring)

@: confused, ambrosia-drunk
A: almost no armour, amphibious, 8 rings, camouflage 1, gelatinous body 1,
(nimble swimmer 1), tentacles
a: no special abilities


You were on level 6 of the Dungeon.
You visited 2 branches of the dungeon, and saw 7 of its levels.

You collected 150 gold pieces.

Inventory:

Hand Weapons
 a - a +2 dagger (weapon)
Missiles
 b - 29 poisoned darts (quivered)
 c - 2 curare-tipped darts
Jewellery
 g - a +6 ring of dexterity
Scrolls
 k - a scroll of identify
 l - 3 scrolls of noise
 n - 2 scrolls of teleportation {unknown}
Potions
 e - a potion of lignification {unknown}
 f - 2 potions of curing {unknown}
 h - a potion of might {unknown}
 i - 2 potions of brilliance
 j - a potion of haste {unknown}
 m - 2 potions of attraction {unknown}


   Skills:
 - Level 2.0 Fighting
 - Level 2.0 Short Blades
 - Level 2.0 Throwing
 - Level 1.0 Dodging
 + Level 12.2 Stealth


You had 6 spell levels left.
You didn't know any spells.
Your spell library contained the following spells:

 Spells                   Type           Power      Damage    Failure   Level
 Passwall                 Tmut/Erth      0%         N/A       38%         2
 Static Discharge         Conj/Air       0%         N/A       38%         2
 Swiftness                Air            0%         N/A       63%         3
 Dispel Undead            Necr           0%         3d6       95%         4
 Sticky Flame             Conj/Fire      0%         2d3       95%         4
 Invisibility             Hex            0%         N/A       100%        6


Dungeon Overview and Level Annotations

Branches:
Dungeon (6/15)             Temple (1/1) D:4

Altars:
Ashenzari
Cheibriados
Elyvilon
Fedhas
Kikubaaqudgha
Makhleb
Nemelex Xobeh
Okawaru
Qazlal
Sif Muna
Uskayaw
Vehumet
Wu Jian
Xom
Yredelemnul
The Shining One

Shops:
D:1 [


Innate Abilities, Weirdness & Mutations

You cannot wear most types of armour.
You are amphibious.
You can wear up to eight rings at the same time.
Your skin changes colour to match your surroundings (Stealth+).
Your rubbery body absorbs attacks. (AC +1, EV +1)
((You are camouflaged near water. (Stealth+)))
You have tentacles for arms and can constrict up to eight enemies at once.


Message History

Ouch! That really hurt!
An ufetubus comes into view.
The ufetubus shouts!
Okay, then.
You are confused.
You feel invigorated. The ogre closely misses you. The ufetubus hits you. x2
You're too confused to move!
You feel less invigorated.
You feel less confused. The ufetubus misses you.
The ufetubus barely misses you. The ogre hits you with a +0 giant club!
The ufetubus misses you. The ufetubus hits you.
You closely miss the ufetubus. Your grab misses the ufetubus.
The ufetubus barely misses you. x2; The ufetubus closely misses you.
The ufetubus barely misses you.
You hit the ufetubus but do no damage. Your grab misses the ufetubus.
The ufetubus hits you. x2
The ufetubus hits you. The ufetubus completely misses you.
The ufetubus hits you.
* * * LOW HITPOINT WARNING * * *
The ufetubus hits you but does no damage.
The ufetubus hits you.
* * * LOW HITPOINT WARNING * * *
The ufetubus hits you.
* * * LOW HITPOINT WARNING * * *
You are confused.
You feel invigorated. The ufetubus hits you.
* * * LOW HITPOINT WARNING * * *
The ufetubus misses you. The ufetubus barely misses you. The ufetubus hits you.
* * * LOW HITPOINT WARNING * * *
You closely miss the ufetubus. The ufetubus misses you. The ufetubus hits you.
* * * LOW HITPOINT WARNING * * *
The ufetubus hits you.
* * * LOW HITPOINT WARNING * * *
The ufetubus misses you.
You miss the ufetubus.
The ogre hits you with a +0 giant club!!
Ouch! That really hurt!
You die...

..# ..# ##..##.. ..##...
#.#... #.##.## .# #<.#..# .#
##.....####.#
..#.....##....#####
##.#....@.....#.....
................5O..........
.............##.............
.............#..............
...................#........
.............#.....#.#....##
#........#..##.##........#
###.......#..##..#........#
.............#.........##..#


You could see an ogre and an ufetubus.

Vanquished Creatures
  An ice beast (D:5)
  2 black bears
  A scorpion (D:4)
  A centaur zombie (D:5)
  A jelly (D:4)
  An orc priest (D:4)
  2 hounds (D:5)
  A centaur skeleton (D:4)
  A killer bee zombie (D:5)
  A hound skeleton (D:3)
  3 adders
  An ufetubus (D:5)
  An adder skeleton (D:4)
  A dart slug (D:1)
  3 orcs
  5 ball pythons
  5 endoplasms
  2 giant cockroaches (D:4)
  6 goblins
  6 hobgoblins
  A jackal (D:5)
  4 kobolds
  5 quokkas
  3 bats
  A frilled lizard (D:2)
  5 rats
64 creatures vanquished.

Notes
Turn   | Place    | Note
-------+----------+-------------------------------------------
     0 | D:1      | zeram the Octopode Brigand began the quest for the Orb.
     0 | D:1      | Reached XP level 1. HP: 14/14 MP: 1/1
   321 | D:1      | Reached skill level 6 in Stealth
   321 | D:1      | Reached XP level 2. HP: 19/19 MP: 2/2
   375 | D:1      | Found Kieli's Armour Shop.
  1088 | D:2      | Reached XP level 3. HP: 24/24 MP: 3/3
  1457 | D:3      | Reached skill level 7 in Stealth
  1762 | D:3      | Reached XP level 4. HP: 27/29 MP: 4/4
  2274 | D:4      | Found a snail-covered altar of Cheibriados.
  2291 | D:4      | Found a staircase to the Ecumenical Temple.
  2294 | D:4      | Reached skill level 8 in Stealth
  2305 | Temple   | Entered the Ecumenical Temple
  2409 | D:4      | Noticed a scorpion
  2540 | D:4      | Reached XP level 5. HP: 34/34 MP: 5/5
  2583 | D:4      | Reached skill level 9 in Stealth
  2841 | D:4      | Reached skill level 10 in Stealth
  2841 | D:4      | Reached XP level 6. HP: 17/39 MP: 6/6
  3262 | D:5      | Entered Level 5 of the Dungeon
  3327 | D:5      | Noticed a black bear
  3329 | D:5      | Killed a black bear
  3334 | D:5      | Reached skill level 11 in Stealth
  3394 | D:5      | Noticed an ice beast
  3396 | D:5      | Killed an ice beast
  3397 | D:5      | Reached XP level 7. HP: 45/45 MP: 7/7
  3908 | D:6      | Reached skill level 12 in Stealth
  3948 | D:6      | Mangled by an ogre

Illustrated notes

Levels and vault maps discovered:
D:1:      scummos_arrival_forest, layout_basic, serial_shops,
          nicolae_diamond_shop, chequers_hall_statues_wall_a
D:2:      layout_loops_ring, minmay_misc_feat_tiny, due_unseen_surprise
D:3:      layout_loops_ring
D:4:      layout_rooms, mainiacjoe_overflow_alcove_4,
          minmay_temple_entry_junction
D:5:      layout_loops_ring, kennysheep_generic_room_15
D:6:      layout_cave_pools, serial_co_window_serial, co_window_paths_b,
          co_window_corner_a, co_window_of_opportunity_a,
          co_window_of_opportunity_a, co_window_paths_b, co_window_corner_a,
          co_window_corner_a, co_window_corner_a, co_window_of_opportunity_a,
          co_window_broadway_c, co_window_corner_b, co_window_unsneaky_path_e,
          co_window_2corner, co_window_paths_d, glass_columns_b
Temple:   eino_wide_crystal_templ

Skill      XL: |  1  2  3  4  5  6  7 |
---------------+----------------------+-----
Stealth        | 6 7 8 10 11 12 | 12.2
Fighting       | |  2.0
Short Blades   | |  2.0
Throwing       | |  2.0
Dodging        | |  1.0

Action                   |  1- 3 |  4- 6 |  7- 9 || total
-------------------------+-------+-------+-------++-------
Melee: Dagger            |    63 |    43 |    12 ||   118
       Constrict         |    10 |     5 |     1 ||    16
       Tentacles         |    10 |     7 |     2 ||    19
  Use: Scroll            |     3 |     3 |       ||     6
       Potion            |       |     2 |     2 ||     4
 Stab: Sleeping          |    16 |    15 |     3 ||    34
Armor: Skin              |     2 |     1 |     1 ||     4
Dodge: Dodged            |    26 |    18 |    15 ||    59
